 Dungeon Crawl Stone Soup version 0.29.0-13-gc9e81de378 (webtiles) character file.

Game seed: 3519503772005782055

52698 jt the Corrupter of Planes (level 14, -9/88 HPs)
             Began as a Gargoyle Abyssal Knight on Sept 9, 2022.
             Was the Champion of Lugonu.
             Killed by an exploding elephant (21 damage)
             ... ignited by their inner flame
             ... on level 5 of the Lair of Beasts.
             The game lasted 00:54:59 (24248 turns).

jt the Corrupter of Planes (GrAK)                  Turns: 24248, Time: 00:55:00

Health: -9/88      AC: 27    Str: 25    XL:     14   Next: 65%
Magic:  25/25      EV: 10    Int: 12    God:    Lugonu [******]
Gold:   1638       SH: 13    Dex: 16    Spells: 13/13 levels left

rFire   + . .      SeeInvis .   a - +9 mace of Pandemonium {speed, rPois rF+ Str+6 Dex-2}
rCold   + . .      Faith    +   H - +0 kite shield
rNeg    + . .      Spirit   .   F - +0 plate armour
rPois   ∞          Reflect  .   M - +0 helmet
rElec   +          Harm     .   y - +2 cloak
rCorr   +          Rampage  .   c - +1 pair of gloves
Will    +....                   N - +2 pair of boots
Stlth   ..........              D - amulet of faith
HPRegen 0.24/turn               Z - ring of the Enemy {rCorr EV+4 Dex+4}
MPRegen 0.19/turn               I - ring of wizardry

@: corroded, flying
A: sickness immunity, AC +10, big wings, negative energy resistance 1,
electricity resistance, torment resistance 1, petrification resistance, thin
skeletal structure 1, cold resistance 1
a: Renounce Religion, Depart the Abyss, Bend Space, Banish, Corrupt, Enter the
Abyss, Brand Weapon With Distortion


You were on level 5 of the Lair of Beasts.
You worshipped Lugonu.
Lugonu was exalted by your worship.
You visited 4 branches of the dungeon, and saw 18 of its levels.
You visited the Abyss 1 time.
You also visited: Bailey, Ice Cave and Volcano.

You collected 1638 gold pieces.

Inventory:

Hand Weapons
 a - the +9 mace of Pandemonium (weapon) {speed, rPois rF+ Str+6 Dex-2}
   (You found it on level 4 of the Dungeon)

   Attacks with this weapon are significantly faster.
   Str:       It affects your strength (+6).
   Dex:       It affects your dexterity (-2).
   rF:        It protects you from fire.
   rPois:     It protects you from poison.
 d - the +6 falchion of Intimidation {vorpal, rC+ Will++ Str+4 Int-5}
   (You found it on level 2 of the Dungeon)

   It inflicts extra damage upon your enemies.
   Str:       It affects your strength (+4).
   Int:       It affects your intelligence (-5).
   rC:        It protects you from cold.
   Will:      It greatly increases your willpower.
 f - a +1 trident of freezing
 o - a +1 broad axe of freezing
 t - a +3 hand axe of venom
Missiles
 b - 31 boomerangs (quivered)
 K - 20 poisoned darts
 O - 2 throwing nets
 Q - 7 javelins
 R - a curare-tipped dart
Armour
 c - a +1 pair of gloves (worn)
 v - a +0 buckler of cold resistance
 x - a scarf of resistance
 y - a +2 cloak (worn)
 F - a +0 plate armour (worn)
 H - a +0 kite shield (worn)
 L - a +3 ring mail of fire resistance
 M - a +0 helmet (worn)
 N - a +2 pair of boots (worn)
Magical Staves
 A - a staff of cold
Jewellery
 D - an amulet of faith (around neck)
 I - a ring of wizardry (right hand)
 Z - the ring of the Enemy (left hand) {rCorr EV+4 Dex+4}
   (You acquired it on level 4 of the Lair of Beasts)

   [ring of evasion]

   EV:        It affects your evasion (+4).
   Dex:       It affects your dexterity (+4).
   rCorr:     It protects you from acid and corrosion.
Wands
 h - a wand of flame (9)
 C - a wand of digging (9)
 J - a wand of polymorph (15)
 P - a wand of acid (16)
 X - a wand of iceblast (4)
Scrolls
 g - 5 scrolls of teleportation
 i - 4 scrolls of immolation
 k - 2 scrolls of blinking
 m - 4 scrolls of vulnerability
 p - a scroll of summoning
 G - 2 scrolls of enchant armour
 S - 4 scrolls of fog
 Y - a scroll of brand weapon
Potions
 e - 2 potions of cancellation
 j - 2 potions of mutation
 l - 2 potions of heal wounds
 n - 3 potions of brilliance
 q - a potion of experience {unknown}
 s - 5 potions of flight
 u - 2 potions of magic
 w - 2 potions of might
 z - 4 potions of haste
 E - 2 potions of berserk rage
 T - 2 potions of invisibility
 U - 4 potions of curing
Miscellaneous
 r - a phial of floods
 V - a lightning rod (3/4)
 W - a tin of tremorstones (2/2)


   Skills:
 + Level 10.2 Fighting
 + Level 9.4(10.8) Axes
 - Level 9.5(11.4) Maces & Flails
 - Level 2.0 Throwing
 - Level 4.0 Armour
 - Level 0.7 Dodging
 + Level 12.4 Shields
 + Level 15.9 Invocations
 - Level 5.0 Evocations


You had 13 spell levels left.
You didn't know any spells.
Your spell library contained the following spells:

 Spells                   Type           Power      Damage    Failure   Level
 Sandblast                Erth           0%         2d4       98%         1
 Summon Small Mammal      Summ           0%         N/A       98%         1
 Passwall                 Tmut/Erth      0%         N/A       99%         2
 Wereblood                Tmut           0%         N/A       99%         2
 Dazzling Flash           Conj/Hex       0%         N/A       100%        3
 Stone Arrow              Conj/Erth      0%         3d7       100%        3
 Tukima's Dance           Hex            0%         N/A       100%        3
 Airstrike                Air            0%         2d(0-16)  100%        4
 Animate Armour           Summ/Erth      0%         N/A       100%        4
 Fulminant Prism          Conj/Hex       0%         3d6       100%        4
 Summon Lightning Spire   Summ/Air       0%         N/A       100%        4
 Agony                    Necr           0%         N/A       100%        5
 Blade Hands              Tmut           0%         N/A       100%        5
 Freezing Cloud           Conj/Ice/Air   0%         6-21      100%        5
 Irradiate                Conj/Tmut      0%         3d11      100%        5
 Lightning Bolt           Conj/Air       0%         1d11      100%        5
 Silence                  Hex/Air        0%         N/A       100%        5
 Simulacrum               Ice/Necr       0%         N/A       100%        6
 Starburst                Conj/Fire      0%         6d3       100%        6
 Dragon Form              Tmut           0%         N/A       100%        7
 Haunt                    Necr/Summ      0%         N/A       100%        7
 Storm Form               Tmut/Air       0%         N/A       100%        7
 Summon Hydra             Summ           0%         N/A       100%        7
 Lehudib's Crystal Spear  Conj/Erth      0%         10d2      100%        8
 Maxwell's Capacitive Co  Air            0%         ∞         100%        8
 Polar Vortex             Ice            0%         N/A       100%        9
 Sublimation of Blood     Necr           Unusable   N/A       N/A         2

Dungeon Overview and Level Annotations

Branches:
Dungeon (10/15)            Temple (1/1) D:5            Lair (5/5) D:9
 Shoals (0/4) Lair:3        Snake (0/4) Lair:2        Slime (0/5) Lair:5
    Orc (2/2) D:10            Elf (0/3) Orc:2        Bailey (visited)
  IceCv (visited)         Volcano (visited)

Altars:
Ashenzari
Cheibriados
Dithmenos
Elyvilon
Fedhas
Gozag
Hepliaklqana
Kikubaaqudgha
Makhleb
Nemelex Xobeh
Okawaru
Qazlal
Ru
Sif Muna
Trog
Uskayaw
Vehumet
Wu Jian
Xom
Yredelemnul
Zin
The Shining One
Jiyva

Annotations:
D:10 3 runed translucent doors, sentinel's ghost, journeyman MiFi
Orc:1 corrupted
Orc:2 1 transporter, Domino's ghost, journeyman MiBe


Innate Abilities, Weirdness & Mutations

You are immune to sickness and miasma.
Your stone body is resilient. (AC +10)
You are immune to poison.
Your large and strong wings let you fly.
You resist negative energy. (rN+)
You are resistant to electric shocks. (rElec)
You are resistant to unholy torment.
You are immune to petrification.
You have a somewhat thin skeletal structure. (Dex +2, Stealth+)
Your flesh is cold resistant. (rC+)


Message History

The elephant is almost dead.
The fiery explosion engulfs you. You resist.
The fiery explosion engulfs the black mamba!!
Flame seeps out of the black mamba.
The black mamba is severely wounded.
The fiery explosion engulfs the water moccasin!!
Lugonu accepts your kill.
The water moccasin explodes!
The fiery explosion engulfs the elephant!!!
Flame seeps out of the elephant.
The elephant is severely wounded.
The fiery explosion engulfs the black mamba!!
Lugonu accepts your kill.
The fiery explosion engulfs the elephant!!
Flame seeps out of the elephant.
The elephant is heavily wounded.
The fiery explosion engulfs you! You resist.
* * * LOW HITPOINT WARNING * * *
The black mamba explodes!
The fiery explosion engulfs the elephant!!!
Flame seeps out of the elephant.
The elephant is heavily wounded.
The fiery explosion engulfs the elephant!!!
Lugonu accepts your kill.
The fiery explosion engulfs the elephant!!
Flame seeps out of the elephant.
The elephant is almost dead.
The fiery explosion engulfs the elephant!!!
Lugonu accepts your kill. The fiery explosion engulfs you! You resist.
* * * LOW HITPOINT WARNING * * *
The elephant explodes!
The fiery explosion engulfs the elephant!!
Lugonu accepts your kill.
The fiery explosion engulfs the elephant!!!
Lugonu accepts your kill.
The fiery explosion engulfs the elephant!!!
Lugonu accepts your kill. The fiery explosion engulfs you!! You resist.
You die...

.........................)
...............††.........
...............<.........
........................
........................
..............§§§.......
.........§§§§......
.P~......§§§§......
.......§§@§......
.....~.○○§.......
~~~.~..§§§.......
~~~P..P..#.......
~~~~~~..~#.......
F~~P.~~~~#.......
~~~~.P#####.....# .P###
......


There were no monsters in sight!

Vanquished Creatures
  A frost giant (IceCv)
  A hydra (Lair:1)
  Erolcha (D:9)
  A catoblepas (Lair:3)
  Erica (D:10)
  9 death yaks
  A two-headed ogre (D:10)
  Urug (Lair:1)
  A goliath frog (Lair:5)
  A deep elf pyromancer (D:6)
  A lindwurm (Lair:2)
  25 elephants
  Maurice (D:9)
  3 black mambas
  A molten gargoyle (Volcano)
  7 cane toads
  A gargoyle (Volcano)
  An ice statue (IceCv)
  A torpor snail (Lair:3)
  13 rime drakes
  An efreet (Volcano)
  5 komodo dragons
  2 trolls
  7 polar bears
  A hornet (D:7)
  11 blink frogs
  9 wyverns
  2 fire bats (Volcano)
  2 fire elementals (Volcano)
  Eustachio (D:5)
  6 basilisks
  A vampire mosquito (Lair:5)
  54 yaks
  3 steam dragons
  Menkaure (D:5)
  A naga (Lair:2)
  5 wargs
  16 water moccasins
  An acid dragon (D:7)
  Duvessa (D:5)
  3 sky beasts
  11 orc warriors
  3 ice beasts
  4 black bears
  23 wolves
  3 ogres (Orc:2)
  3 centaurs
  A phantom (D:5)
  20 bullfrogs
  3 kobold brigands
  3 gnoll sergeants
  3 scorpions
  4 wights
  Dowan (D:5)
  The ghost of qborf the Chopper, a weakling MeBe of Trog (D:2)
  6 killer bees (D:10)
  A howler monkey (D:6)
  2 electric eels
  5 lava snakes (Volcano)
  A jelly (D:4)
  9 orc priests
  Crazy Yiuf (D:2)
  2 hounds
  3 iguanas
  10 orc wizards
  2 hell rats (Lair:5)
  17 gnolls
  4 adders
  8 river rats
  3 white imps
  2 ufetubi
  3 worms (D:3)
  2 dart slugs (D:1)
  40 orcs
  8 endoplasms
  6 giant cockroaches
  10 goblins
  7 hobgoblins
  2 jackals (D:4)
  4 quokkas
  2 ball pythons
  5 bats
  6 frilled lizards
  27 kobolds
  9 rats
495 creatures vanquished.

Vanquished Creatures (others)
  A stone giant (Volcano)
  A two-headed ogre (Orc:1)
  An orc sorcerer (Orc:1)
  A molten gargoyle (Volcano)
  A fire elemental (Volcano)
  4 orc warriors (Orc:1)
  2 ogres (Orc:1)
  A lava snake (Volcano)
  5 orc wizards (Orc:1)
  6 orcs (Orc:1)
  28 fungi
  67 plants
  24 starspawn tentacles
142 creatures vanquished.

Grand Total: 637 creatures vanquished

Notes
Turn   | Place    | Note
-------+----------+-------------------------------------------
     0 | Abyss:1  | jt the Gargoyle Abyssal Knight began the quest for the Orb.
     0 | Abyss:1  | Reached XP level 1. HP: 14/14 MP: 2/2
     1 | D:1      | Escaped the Abyss
   114 | D:1      | Reached XP level 2. HP: 11/19 MP: 3/3
   609 | D:1      | Reached *** piety under Lugonu
   653 | D:1      | Reached XP level 3. HP: 20/23 MP: 4/4
   955 | D:2      | Identified the +6 falchion of Intimidation {vorpal, rC+
                  | Will++ Str+4 Int-5}
  1751 | D:2      | Found a runed translucent door.
  1752 | D:2      | Noticed Crazy Yiuf
  1757 | D:2      | Gained mutation: You have a somewhat thin skeletal
                  | structure. (Dex +2, Stealth+) [potion of mutation]
  1757 | D:2      | Gained mutation: Your flesh is cold resistant. (rC+)
                  | [potion of mutation]
  1937 | D:3      | Reached XP level 4. HP: 27/28 MP: 4/6
  2211 | D:3      | Found a runed translucent door.
  2213 | D:3      | Noticed qborf's ghost (weakling MeBe)
  2464 | D:3      | Reached skill level 3 in Invocations
  2504 | D:3      | Found a runed translucent door.
  2737 | D:4      | Reached XP level 5. HP: 27/32 MP: 7/7
  2906 | D:4      | Identified the +9 mace of Pandemonium {speed, rPois rF+
                  | Str+6 Dex-2}
  2970 | D:4      | Reached **** piety under Lugonu
  3262 | D:5      | Entered Level 5 of the Dungeon
  3262 | D:5      | Noticed Menkaure
  3262 | D:5      | Found a staircase to the Ecumenical Temple.
  3270 | D:5      | Killed Menkaure
  3271 | D:5      | Reached skill level 1 in Maces & Flails
  3271 | D:5      | Reached skill level 4 in Invocations
  3271 | D:5      | Reached XP level 6. HP: 37/37 MP: 7/9
  3333 | Temple   | Entered the Ecumenical Temple
  3426 | D:5      | Noticed an orc warrior
  3500 | D:2      | Killed qborf's ghost
  3697 | D:2      | Killed Crazy Yiuf
  3698 | D:2      | Reached XP level 7. HP: 41/41 MP: 10/10
  3802 | D:3      | Identified the +2 sling "Raisin" {vorpal, rPois rC- rN+
                  | rCorr}
  3850 | D:5      | Reached skill level 5 in Invocations
  4246 | D:5      | Reached skill level 6 in Invocations
  4252 | D:5      | Noticed Eustachio
  4264 | D:5      | Killed Eustachio
  4265 | D:5      | Reached XP level 8. HP: 46/46 MP: 12/12
  4453 | D:5      | Reached skill level 5 in Maces & Flails
  4702 | D:5      | Noticed Duvessa
  4708 | D:5      | Reached skill level 1 in Throwing
  4713 | D:5      | Noticed Dowan
  4716 | D:5      | Killed Duvessa
  4717 | D:5      | Reached skill level 7 in Invocations
  4726 | D:5      | Killed Dowan
  4951 | D:6      | Reached XP level 9. HP: 51/51 MP: 14/14
  5050 | D:6      | Reached skill level 8 in Invocations
  5077 | D:6      | Noticed a deep elf pyromancer
  5084 | D:6      | Killed a deep elf pyromancer
  5452 | D:6      | Reached skill level 9 in Invocations
  5957 | D:7      | Noticed a hornet
  5966 | D:7      | Killed a hornet
  6021 | D:7      | Found a flagged portal.
  6122 | Bailey   | Entered a bailey
  6633 | Bailey   | Reached skill level 10 in Invocations
  6662 | Bailey   | Reached XP level 10. HP: 47/56 MP: 17/17
  7239 | D:7      | Reached ***** piety under Lugonu
  7299 | D:7      | Found an iron altar of Okawaru.
  7299 | D:7      | Found a white marble altar of Elyvilon.
  7304 | D:7      | Found a glowing silver altar of Zin.
  7304 | D:7      | Found a shadowy altar of Dithmenos.
  7708 | D:7      | Found a sacrificial altar of Ru.
  8072 | D:8      | Reached skill level 1 in Shields
  8432 | D:7      | Reached skill level 11 in Invocations
  8662 | D:8      | Found a blossoming altar of Fedhas.
  8663 | D:8      | Found a burning altar of Makhleb.
  8758 | D:8      | Found a snail-covered altar of Cheibriados.
  9478 | D:9      | Reached skill level 5 in Shields
  9487 | D:9      | Reached skill level 12 in Invocations
  9528 | D:9      | Reached XP level 11. HP: 55/60 MP: 20/20
  9537 | D:9      | Found a staircase to the Lair.
  9632 | D:9      | Noticed Erolcha
  9655 | D:9      | Killed Erolcha
  9713 | D:9      | Noticed Maurice
  9738 | D:9      | Killed Maurice
  9791 | D:9      | Got Zycion's Anthology of Cunning Leadership
 10016 | D:9      | Noticed a two-headed ogre
 10021 | D:9      | Banished a two-headed ogre
 10022 | D:9      | Reached skill level 1 in Evocations
 10758 | D:10     | Entered Level 10 of the Dungeon
 10822 | D:10     | Noticed sentinel's ghost (journeyman MiFi)
 10835 | D:10     | Noticed a two-headed ogre
 10836 | D:10     | Found a runed translucent gate.
 10836 | D:10     | Found a runed translucent gate.
 10836 | D:10     | Noticed a cyclops
 10837 | D:10     | Found a runed translucent gate.
 10837 | D:10     | Noticed a two-headed ogre
 10846 | D:10     | Reached skill level 13 in Invocations
 11299 | D:10     | Noticed a two-headed ogre
 11310 | D:10     | Killed a two-headed ogre
 11940 | D:10     | Found a staircase to the Orcish Mines.
 12498 | Orc:1    | Entered Level 1 of the Orcish Mines
 12498 | Orc:1    | Noticed Erica
 12510 | D:10     | Killed Erica
 12539 | Orc:1    | Noticed a two-headed ogre
 12541 | Orc:1    | Noticed an orc sorcerer
 12706 | Orc:1    | Corrupted Orc:1
 12706 | Orc:1    | Noticed a tentacled starspawn
 12706 | Orc:1    | Noticed a large abomination
 12706 | Orc:1    | Noticed a rakshasa
 12706 | Orc:1    | Noticed a starcursed mass
 12706 | Orc:1    | Noticed a blizzard demon
 12706 | Orc:1    | Noticed a tentacled starspawn
 12706 | Orc:1    | Noticed a thrashing horror
 12706 | Orc:1    | Noticed a lich
 12706 | Orc:1    | Noticed a sun demon
 12706 | Orc:1    | Noticed a large abomination
 12707 | Orc:1    | Noticed a tentacled starspawn
 12707 | Orc:1    | Noticed a starcursed mass
 12708 | Orc:1    | Killed an orc sorcerer
 12708 | Orc:1    | Noticed a starcursed mass
 12710 | Orc:1    | Killed a two-headed ogre
 12711 | Orc:1    | Noticed a deep elf zephyrmancer
 12711 | Orc:1    | Noticed a starcursed mass
 12714 | Orc:1    | Noticed a worldbinder
 12732 | Orc:1    | Noticed a starcursed mass
 12733 | Orc:1    | Noticed a large abomination
 12734 | Orc:1    | Noticed a starcursed mass
 12737 | Orc:1    | Found a dark tunnel.
 12737 | Orc:1    | Noticed a worldbinder
 12742 | Orc:1    | Noticed a thrashing horror
 12743 | Orc:1    | Noticed a large abomination
 12744 | Orc:1    | Noticed a tentacled starspawn
 12745 | Orc:1    | Noticed a sixfirhy
 12758 | Orc:1    | Noticed a tentacled starspawn
 12761 | Orc:1    | Noticed a lich
 12769 | Orc:1    | Noticed a sun demon
 12771 | Orc:1    | Noticed an Executioner
 12839 | Volcano  | Entered a volcano
 13026 | Volcano  | Reached skill level 5 in Axes
 13026 | Volcano  | Reached XP level 12. HP: 55/66 MP: 22/22
 13121 | Volcano  | Found a burning altar of Makhleb.
 13431 | Volcano  | Noticed a stone giant
 13441 | Volcano  | Corrupted Volcano
 13441 | Volcano  | Noticed a tentacled starspawn
 13441 | Volcano  | Noticed a starcursed mass
 13444 | Volcano  | Noticed a tentacled monstrosity
 13445 | Volcano  | Noticed a naga warrior
 13445 | Volcano  | Killed a stone giant
 13497 | Volcano  | Noticed a hell hog
 13507 | Volcano  | Noticed a starcursed mass
 13834 | Orc:2    | Entered Level 2 of the Orcish Mines
 13895 | Orc:2    | Found a transporter.
 13899 | Orc:2    | Noticed Domino's ghost (journeyman MiBe)
 13901 | Orc:2    | Found a staircase to the Elven Halls.
 14264 | Lair:1   | Entered Level 1 of the Lair of Beasts
 14494 | Lair:1   | Reached skill level 5 in Fighting
 14524 | Lair:1   | You are sucked into a shaft and drop 1 floor!
 14732 | Lair:1   | Found a frozen archway.
 14867 | IceCv    | Entered an ice cave
 15114 | IceCv    | Noticed a death yak
 15129 | IceCv    | Reached skill level 5 in Evocations
 15138 | IceCv    | Killed a death yak
 15139 | IceCv    | Reached skill level 14 in Invocations
 15397 | IceCv    | Noticed a death yak
 15402 | IceCv    | Noticed a death yak
 15414 | IceCv    | Killed a death yak
 15440 | IceCv    | Killed a death yak
 15570 | IceCv    | Noticed a death yak
 15570 | IceCv    | Noticed a frost giant
 15604 | IceCv    | Killed a frost giant
 15605 | IceCv    | Reached XP level 13. HP: 36/76 MP: 23/23
 15828 | IceCv    | Reached skill level 10 in Shields
 17837 | Lair:2   | Found a staircase to the Snake Pit.
 18370 | Lair:2   | Reached skill level 15 in Invocations
 18487 | Lair:2   | Noticed Urug
 18787 | Lair:1   | Killed Urug
 19833 | Lair:3   | Gained mutation: Your large and strong wings let you fly.
                  | [Gargoyle growth]
 19833 | Lair:3   | Reached XP level 14. HP: 65/84 MP: 25/25
 20253 | Lair:3   | Found a staircase to the Shoals.
 20585 | Lair:3   | Got the Commentary on Violent Shaping
 21989 | Lair:4   | Reached ****** piety under Lugonu
 22142 | Lair:4   | Identified a scroll of acquirement
 22142 | Lair:4   | Acquired the ring of the Enemy {rCorr EV+4 Dex+4}
 22458 | Lair:5   | Entered Level 5 of the Lair of Beasts
 23406 | Lair:5   | Reached skill level 10 in Fighting
 23637 | Lair:5   | Found a viscous altar of Jiyva.
 23637 | Lair:5   | Found a staircase to the Slime Pits.
 24248 | Lair:5   | Killed by an exploding elephant... ignited by their inner
                  | flame

Illustrated notes

Levels and vault maps discovered:
D:1:      onia_arrival_pyramid, layout_loops_ring, serial_forest,
          infiniplex_forest_clump_tiny, infiniplex_forest_clump_cross,
          infiniplex_forest_clump_long, infiniplex_forest_lined_1,
          infiniplex_forest_pool, infiniplex_forest_corner_1, minivault_26
D:2:      layout_loops_corners, st_stairs_4, uniq_crazy_yiuf_cottage
D:3:      layout_basic, ebering_ghost_sewer_f
D:4:      layout_cave_pools
D:5:      layout_basic, minmay_temple_entry_statues_fountains,
          serial_bayou_ford_a, grunt_ministairs_11, uniq_menkaure,
          uniq_eustachio, uniq_duvessa
D:6:      layout_loops_corners, guppyfry_early_elven_hall
D:7:      layout_layer_cave, grunt_temple_overflow_open,
          nicolae_ru_path_of_blood, enter_bailey_4, palyth_stone_intersect,
          st_stairs_9
D:8:      layout_basic, mainiacjoe_overflow_divided_tiny,
          overflow_temple_1_default
D:9:      layout_loops_corners, minmay_lair_entry_grove, uniq_erolcha,
          uniq_maurice
D:10:     layout_layer_cave, minmay_orc_entry_guard_dogs, gammafunk_ghost_split
Temple:   compressed_dpeg_circular_temple
Lair:1:   layout_small_grid, portal_ice_cave_rime
Lair:2:   layout_chaotic_city, guppyfry_snake_entry_island,
          nicolae_quartered_pool_little, grunt_megastairs_3, uniq_urug
Lair:3:   layout_long_grid, elwin_shoals_entry_rooms, grunt_megastairs_4
Lair:4:   layout_small_grid, serial_bayou_shore_a
Lair:5:   minmay_lair_end_frog_pond, layout_regular_city,
          dpeg_slime_entry_enclosed, kennysheep_rathole
Orc:1:    layout_diamond_mine, enter_volcano_2, uniq_erica
Orc:2:    st_orc_town, layout_caves, gammafunk_ghost_berserking_beasts,
          nicolae_shop_clearance

Skill      XL: |  1  2  3  4  5  6  7  8  9 10 11 12 13 14 |
---------------+-------------------------------------------+-----
Axes           | 2 3 4 5 6 8 9 |  9.4
Invocations    | 3 4 6 7 10 12 13 14 15 | 15.9
Maces & Flails | 1 2 4 6 8 9 |  9.5
Armour         | 3 4 |  4.0
Throwing       | 2 |  2.0
Shields        | 5 8 9 11 12 | 12.4
Evocations     | 3 5 |  5.0
Fighting       | 4 6 8 10 | 10.2
Dodging        | |  0.7

Action                   |  1- 3 |  4- 6 |  7- 9 | 10-12 | 13-15 || total
-------------------------+-------+-------+-------+-------+-------++-------
Melee: Hand axe          |   144 |    93 |       |       |       ||   237
       Punch             |     1 |     1 |     2 |     3 |       ||     7
       Mace              |       |    28 |   235 |   725 |   989 ||  1977
       Trident           |       |       |       |    21 |    50 ||    71
       Broad axe         |       |       |       |       |    23 ||    23
 Fire: Arbalest          |       |       |       |     6 |       ||     6
Throw: Stone             |     9 |     6 |     3 |       |       ||    18
       Dart              |       |       |    12 |    24 |    10 ||    46
       Boomerang         |       |       |     5 |    29 |    24 ||    58
Invok: Bend Space        |       |       |     4 |    12 |    19 ||    35
       Banish            |       |       |       |     6 |       ||     6
       Corrupt           |       |       |       |     2 |       ||     2
Evoke: Wand              |       |       |     3 |     9 |     1 ||    13
       Phial of floods   |       |       |       |     1 |       ||     1
       Lightning rod     |       |       |       |       |     1 ||     1
  Use: Potion            |     5 |     1 |     1 |     9 |       ||    16
       Scroll            |     1 |     3 |     6 |    11 |     4 ||    25
 Stab: Sleeping          |       |     2 |       |       |       ||     2
       Petrified         |       |       |       |       |     6 ||     6
Armor: Leather armour    |    30 |       |       |       |       ||    30
       Ring mail         |    25 |    50 |       |       |       ||    75
       Chain mail        |       |    10 |    86 |     2 |       ||    98
       Plate armour      |       |       |       |   377 |   574 ||   951
       Skin              |       |       |       |    34 |       ||    34
Dodge: Dodged            |    84 |    75 |    87 |   205 |   274 ||   725
Block: Kite shield       |       |       |       |   115 |   212 ||   327
       Buckler           |       |       |       |       |   184 ||   184
